[ AOE2 MATCH · #506370935 ]
UnrankedTupi vs Koreans
Player's team · LOSS
Rival team · WIN
[ REPLAY ANALYSIS · EXTRACTED FROM THE RECORDED GAME ]
Feudal
8:27
Castle
27:40
Imperial
—
| APM avg | 98.1 |
| APM peak | 140 |
| eAPM avg | 37.6 |
| Villagers / military | 73 / 52 |
Focus
⚔️ 39.7% · 🌾 60.3%
Skirmisher ×37 · Unknown (2550) ×27 · Petard ×13 · Mangonel ×2
Feudal
8:50
Castle
24:55
Imperial
—
| APM avg | 73.2 |
| APM peak | 108 |
| eAPM avg | 38.5 |
| Villagers / military | 102 / 70 |
Focus
⚔️ 52.0% · 🌾 48.0%
Archer ×48 · Fire Lancer ×11 · Scout Cavalry ×9 · Iron Pagoda ×2
Match map
Initial resources + every placement click. Lines = walls · curves = elevation contours. ◆ gold · ⬟ stone · ● berries · ✦ relic · ◌ wall gap
Your base· Open — opponent sealed themselves in
Clearlove's base· ✓ Closed at 24:55 · 35t walls · no gate
Smoothed initial terrain · ◌ = detected wall gap · hover for details
Inputs per minute
— Lamo - - Clearlove
Build order — Lamo
First 150 of 249 actions detected
| 0:00 | Create | Villager (Male) |
| 0:00 | Create | Villager (Male) |
| 0:01 | Create | Villager (Male) |
| 0:01 | Build | House |
| 0:04 | Build | House |
| 0:25 | Create | Villager (Male) |
| 0:25 | Create | Villager (Male) |
| 1:09 | Create | Villager (Male) |
| 1:09 | Create | Villager (Male) |
| 1:31 | Create | Villager (Male) |
| 1:32 | Create | Villager (Male) |
| 1:43 | Build | Settlement |
| 1:56 | Create | Villager (Male) |
| 2:17 | Create | Villager (Male) |
| 2:17 | Create | Villager (Male) |
| 3:07 | Create | Villager (Male) |
| 3:35 | Create | Villager (Male) |
| 3:35 | Create | Villager (Male) |
| 3:36 | Create | Villager (Male) |
| 4:15 | Create | Villager (Male) |
| 4:15 | Create | Villager (Male) |
| 4:52 | Create | Villager (Male) |
| 5:11 | Create | Villager (Male) |
| 5:41 | Create | Villager (Male) |
| 5:48 | Research | Loom |
| 5:54 | Build | Barracks |
| 6:13 | Build | House |
| 6:17 | Research | Feudal Age |
| 6:17 | Research | Feudal Age |
| 7:00 | Create | Unit 2550 |
| 7:00 | Create | Unit 2550 |
| 7:01 | Create | Unit 2550 |
| 7:32 | Build | Settlement |
| 8:26 | Create | Villager (Male) |
| 8:27 | Age | Feudal Age |
| 8:49 | Build | Palisade Wall |
| 8:50 | Create | Villager (Male) |
| 8:58 | Research | Tech 1402 |
| 9:00 | Build | Palisade Wall |
| 9:05 | Create | Villager (Male) |
| 9:08 | Research | Double-Bit Axe |
| 9:08 | Research | Double-Bit Axe |
| 9:15 | Build | House |
| 9:16 | Build | Palisade Wall |
| 9:21 | Create | Villager (Male) |
| 9:36 | Create | Villager (Male) |
| 10:04 | Build | Farm |
| 10:05 | Build | Farm |
| 10:05 | Build | Farm |
| 10:05 | Build | Farm |
| 10:05 | Build | Farm |
| 10:10 | Create | Villager (Male) |
| 10:44 | Create | Villager (Male) |
| 10:53 | Create | Villager (Male) |
| 10:58 | Build | Archery Range |
| 11:37 | Create | Villager (Male) |
| 11:40 | Create | Unit 2550 |
| 11:42 | Build | Farm |
| 12:10 | Create | Villager (Male) |
| 12:12 | Create | Skirmisher |
| 12:22 | Build | House |
| 12:25 | Create | Villager (Male) |
| 12:27 | Create | Unit 2550 |
| 12:34 | Build | Farm |
| 12:42 | Create | Skirmisher |
| 12:45 | Build | Farm |
| 12:46 | Build | Farm |
| 13:00 | Create | Villager (Male) |
| 13:02 | Build | Farm |
| 13:08 | Create | Skirmisher |
| 13:09 | Create | Villager (Male) |
| 13:34 | Create | Villager (Male) |
| 13:50 | Create | Skirmisher |
| 13:52 | Build | House |
| 13:52 | Create | Villager (Male) |
| 14:01 | Create | Skirmisher |
| 14:09 | Build | Blacksmith |
| 14:18 | Create | Unit 2550 |
| 14:28 | Create | Skirmisher |
| 14:31 | Research | Fletching |
| 14:31 | Research | Fletching |
| 14:36 | Create | Villager (Male) |
| 14:55 | Build | Settlement |
| 14:57 | Create | Skirmisher |
| 14:58 | Create | Unit 2550 |
| 15:00 | Create | Villager (Male) |
| 15:12 | Create | Unit 2550 |
| 15:20 | Create | Unit 2550 |
| 15:24 | Create | Skirmisher |
| 15:25 | Create | Villager (Male) |
| 15:44 | Create | Skirmisher |
| 15:44 | Create | Villager (Male) |
| 15:55 | Create | Skirmisher |
| 15:57 | Create | Villager (Male) |
| 15:58 | Build | Archery Range |
| 16:16 | Create | Villager (Male) |
| 16:27 | Create | Unit 2550 |
| 16:27 | Create | Villager (Male) |
| 16:28 | Create | Villager (Male) |
| 16:45 | Create | Skirmisher |
| 16:49 | Build | Farm |
| 16:49 | Build | Farm |
| 16:50 | Build | Farm |
| 16:50 | Build | Farm |
| 17:06 | Create | Villager (Male) |
| 17:08 | Create | Unit 2550 |
| 17:09 | Create | Skirmisher |
| 17:12 | Build | House |
| 17:12 | Build | House |
| 17:13 | Build | House |
| 17:13 | Build | House |
| 17:22 | Create | Unit 2550 |
| 17:36 | Create | Unit 2550 |
| 17:51 | Create | Villager (Male) |
| 17:52 | Build | House |
| 18:00 | Create | Unit 2550 |
| 18:16 | Create | Unit 2550 |
| 18:17 | Create | Villager (Male) |
| 18:20 | Build | Barracks |
| 18:20 | Create | Skirmisher |
| 18:21 | Create | Skirmisher |
| 18:33 | Research | Scale Mail Armor |
| 18:33 | Research | Scale Mail Armor |
| 18:34 | Build | Farm |
| 18:34 | Build | Farm |
| 18:35 | Create | Villager (Male) |
| 18:35 | Create | Villager (Male) |
| 18:36 | Build | Farm |
| 18:36 | Build | Farm |
| 18:40 | Build | Palisade Wall |
| 18:51 | Create | Unit 2550 |
| 19:02 | Create | Unit 2550 |
| 19:29 | Create | Unit 2550 |
| 19:32 | Create | Villager (Male) |
| 19:40 | Create | Unit 2550 |
| 19:50 | Create | Villager (Male) |
| 19:53 | Build | Farm |
| 19:53 | Build | Farm |
| 19:54 | Build | Farm |
| 19:55 | Build | Farm |
| 19:55 | Build | Farm |
| 20:00 | Create | Unit 2550 |
| 20:00 | Create | Skirmisher |
| 20:04 | Create | Skirmisher |
| 20:04 | Create | Skirmisher |
| 20:28 | Build | House |
| 20:31 | Create | Skirmisher |
| 20:33 | Create | Unit 2550 |
| 20:37 | Build | Palisade Wall |
| 20:42 | Create | Unit 2550 |
Build order — Clearlove
First 150 of 318 actions detected
| 0:00 | Create | Villager (Male) |
| 0:00 | Create | Villager (Male) |
| 0:01 | Build | House |
| 0:02 | Build | House |
| 0:05 | Create | Villager (Male) |
| 0:09 | Create | Villager (Male) |
| 0:09 | Create | Villager (Male) |
| 1:28 | Create | Villager (Male) |
| 1:59 | Create | Villager (Male) |
| 1:59 | Create | Villager (Male) |
| 2:17 | Create | Villager (Male) |
| 2:18 | Build | Lumber Camp |
| 2:52 | Create | Villager (Male) |
| 3:08 | Create | Villager (Male) |
| 3:08 | Create | Villager (Male) |
| 3:26 | Build | House |
| 3:45 | Create | Villager (Male) |
| 3:46 | Create | Villager (Male) |
| 4:07 | Create | Villager (Male) |
| 4:11 | Create | Villager (Male) |
| 4:18 | Create | Villager (Male) |
| 4:18 | Create | Villager (Male) |
| 4:28 | Create | Villager (Male) |
| 5:38 | Build | Mining Camp |
| 5:47 | Research | Loom |
| 6:32 | Research | Feudal Age |
| 6:38 | Build | Mill |
| 7:11 | Build | House |
| 7:46 | Create | Villager (Male) |
| 7:48 | Build | Barracks |
| 8:50 | Age | Feudal Age |
| 8:53 | Build | Archery Range |
| 8:54 | Research | Double-Bit Axe |
| 8:58 | Create | Villager (Male) |
| 9:00 | Build | Palisade Wall |
| 9:05 | Create | Villager (Male) |
| 9:16 | Build | House |
| 9:17 | Build | Palisade Wall |
| 9:17 | Create | Villager (Male) |
| 9:32 | Create | Villager (Male) |
| 9:39 | Create | Archer |
| 10:03 | Create | Archer |
| 10:08 | Build | House |
| 10:11 | Build | Farm |
| 10:15 | Create | Villager (Male) |
| 10:16 | Build | Palisade Wall |
| 10:17 | Build | Palisade Wall |
| 10:19 | Build | Palisade Wall |
| 10:20 | Build | Palisade Wall |
| 10:22 | Create | Archer |
| 10:30 | Build | House |
| 10:37 | Create | Villager (Male) |
| 10:47 | Create | Archer |
| 10:58 | Create | Archer |
| 11:01 | Build | Farm |
| 11:19 | Create | Villager (Male) |
| 11:22 | Build | Palisade Wall |
| 11:26 | Build | Palisade Wall |
| 11:40 | Create | Villager (Male) |
| 11:54 | Create | Villager (Male) |
| 12:02 | Create | Archer |
| 12:20 | Create | Villager (Male) |
| 12:29 | Create | Villager (Male) |
| 12:32 | Create | Archer |
| 12:33 | Build | Palisade Wall |
| 12:34 | Build | Blacksmith |
| 12:36 | Create | Archer |
| 12:40 | Build | Farm |
| 12:46 | Build | House |
| 12:48 | Build | Farm |
| 12:58 | Create | Archer |
| 13:16 | Build | Stable |
| 13:19 | Build | Palisade Wall |
| 13:20 | Create | Archer |
| 13:28 | Create | Villager (Male) |
| 13:35 | Research | Fletching |
| 13:42 | Create | Villager (Male) |
| 13:44 | Create | Villager (Male) |
| 13:52 | Create | Villager (Male) |
| 13:54 | Build | Farm |
| 13:58 | Build | Farm |
| 14:03 | Create | Scout Cavalry |
| 14:04 | Create | Archer |
| 14:11 | Build | Farm |
| 14:21 | Create | Archer |
| 14:25 | Build | Farm |
| 14:28 | Create | Scout Cavalry |
| 14:50 | Create | Archer |
| 15:01 | Create | Villager (Male) |
| 15:03 | Build | Farm |
| 15:10 | Create | Villager (Male) |
| 15:23 | Create | Archer |
| 15:25 | Create | Villager (Male) |
| 15:27 | Build | Farm |
| 15:29 | Build | Farm |
| 15:30 | Build | Farm |
| 15:34 | Create | Archer |
| 15:42 | Create | Scout Cavalry |
| 15:45 | Build | Farm |
| 15:56 | Create | Villager (Male) |
| 15:59 | Build | Farm |
| 16:19 | Create | Scout Cavalry |
| 16:26 | Create | Villager (Male) |
| 16:28 | Build | Farm |
| 16:33 | Build | House |
| 16:42 | Create | Scout Cavalry |
| 16:47 | Create | Archer |
| 16:49 | Create | Villager (Male) |
| 16:52 | Build | House |
| 17:10 | Build | House |
| 17:12 | Create | Archer |
| 17:23 | Create | Archer |
| 17:30 | Research | Forging |
| 17:31 | Create | Archer |
| 17:37 | Create | Archer |
| 17:50 | Create | Archer |
| 17:52 | Create | Scout Cavalry |
| 17:53 | Create | Scout Cavalry |
| 17:54 | Build | House |
| 17:54 | Create | Villager (Male) |
| 17:54 | Create | Villager (Male) |
| 17:56 | Build | Farm |
| 17:57 | Build | Farm |
| 18:12 | Create | Archer |
| 18:23 | Create | Villager (Male) |
| 18:25 | Build | House |
| 18:26 | Build | Farm |
| 18:28 | Build | House |
| 18:30 | Research | Horse Collar |
| 18:37 | Create | Scout Cavalry |
| 18:55 | Create | Scout Cavalry |
| 19:15 | Create | Archer |
| 19:19 | Build | Farm |
| 19:19 | Create | Villager (Male) |
| 19:21 | Build | Lumber Camp |
| 19:22 | Build | House |
| 19:28 | Create | Villager (Male) |
| 19:32 | Build | Watch Tower |
| 19:43 | Create | Villager (Male) |
| 19:44 | Build | House |
| 19:49 | Create | Archer |
| 19:56 | Build | Mining Camp |
| 20:03 | Build | Watch Tower |
| 20:16 | Create | Villager (Male) |
| 20:31 | Create | Archer |
| 20:39 | Build | Farm |
| 20:41 | Build | House |
| 20:41 | Build | House |
| 20:45 | Create | Villager (Male) |
| 20:47 | Build | House |
Match timeline
| 5:54 | Lamo · first_building Barracks |
| 7:48 | Clearlove · first_building Barracks |
| 8:27 | Lamo · age_up feudal |
| 8:49 | Lamo · wall_segment Palisade Wall x2 |
| 8:50 | Clearlove · age_up feudal |
| 8:53 | Clearlove · first_building Archery Range |
| 9:00 | Clearlove · wall_segment Palisade Wall x1 |
| 9:00 | Lamo · wall_segment Palisade Wall x2 |
| 9:16 | Lamo · wall_segment Palisade Wall x4 |
| 9:17 | Clearlove · wall_segment Palisade Wall x5 |
| 10:16 | Clearlove · wall_segment Palisade Wall x1 |
| 10:17 | Clearlove · wall_segment Palisade Wall x1 |
| 10:19 | Clearlove · wall_segment Palisade Wall x1 |
| 10:20 | Clearlove · wall_segment Palisade Wall x1 |
| 10:58 | Lamo · first_building Archery Range |
| 11:22 | Clearlove · wall_segment Palisade Wall x1 |
| 11:26 | Clearlove · wall_segment Palisade Wall x1 |
| 12:33 | Clearlove · wall_segment Palisade Wall x1 |
| 13:16 | Clearlove · first_building Stable |
| 13:19 | Clearlove · wall_segment Palisade Wall x1 |
| 18:40 | Lamo · wall_segment Palisade Wall x4 |
| 20:37 | Lamo · wall_segment Palisade Wall x1 |
| 20:57 | Clearlove · wall_segment Palisade Wall x1 |
| 20:58 | Clearlove · wall_segment Palisade Wall x1 |
| 20:58 | Clearlove · wall_segment Palisade Wall x1 |
| 20:58 | Clearlove · wall_segment Palisade Wall x1 |
| 20:59 | Clearlove · wall_segment Palisade Wall x1 |
| 20:59 | Clearlove · wall_segment Palisade Wall x1 |
| 21:00 | Clearlove · wall_segment Palisade Wall x1 |
| 21:00 | Clearlove · wall_segment Palisade Wall x1 |
| 21:02 | Lamo · wall_segment Palisade Wall x1 |
| 21:03 | Lamo · wall_segment Palisade Wall x1 |
| 21:16 | Clearlove · wall_segment Palisade Wall x12 |
| 22:48 | Clearlove · wall_segment Palisade Wall x1 |
| 22:49 | Clearlove · wall_segment Palisade Wall x1 |
| 24:55 | Clearlove · age_up castle |
| 24:57 | Lamo · first_market_sell 100 wood |
| 25:08 | Clearlove · wall_segment Palisade Wall x1 |
| 25:15 | Clearlove · wall_segment Stone Wall x1 |
| 25:31 | Lamo · wall_segment Palisade Wall x1 |
| 25:46 | Lamo · wall_segment Palisade Wall x1 |
| 27:40 | Lamo · age_up castle |
| 27:48 | Lamo · first_market_buy 100 wood |
| 28:48 | Clearlove · wall_segment Palisade Wall x1 |
| 30:43 | Lamo · wall_segment Palisade Wall x1 |
| 30:55 | Clearlove · first_building Siege Workshop |
| 32:04 | Lamo · first_building Siege Workshop |
| 33:02 | Lamo · wall_segment Palisade Wall x1 |
| 35:06 | Lamo · resign |
[ AI ANALYSIS · 1 CREDIT ]
What really happened in this match?
Wolo.gg analyzes every decision: build order, eco, micro, common mistakes by bracket. Personalized analysis on WhatsApp or Discord in 30 seconds.
Civ guide
Tupi
Perfil
Jugador #5188554